[Event "fics rated crazyhouse match"]
[Site "fics, Oklahoma City, OK USA"]
[Date "2001.01.18"]
[White "liveZ"]
[WhiteElo "2335"]
[Black "Blechkiste"]
[BlackElo "2420"]
[TimeControl "180+0"]
[Result "1-0"]

1. e4 Nf6 2. e5 Nd5 3. Nf3 e6 4. d4 Nc6 5. Bb5 a6 6. Bxc6 
dxc6 7. O-O h6 8. Nbd2 Bd7 9. Ne4 a5 10. Bd2 Qb8 11. c4 Nb4 
12. Bxb4 axb4 13. c5 B@d5 14. N@f6+ Kd8 15. Nxd5 exd5 16. B@h4+ N@e7 17. Ng3 
B@c4 18. Re1 Rxa2 19. Rxa2 Bxa2 20. Nh5 P@e4 21. Nd2 g5 22. Bg3 R@d3 
23. Nf6 Bg7 24. Nxd7 Kxd7 25. B@f6 Rxd2 26. Qxd2 N@h3+ 27. Kh1 N@f3 28. gxf3 
exf3 29. N@e3 P@g2+ 30. Nxg2 fxg2+ 31. Kxg2 N@f4+ 32. Bxf4 Nxf4+ 33. Qxf4 gxf4 
34. Bxg7 Q@g6+ 35. P@g3 f3+ 36. Kg1 Qxg7 37. P@f6 Qh7 38. fxe7 Kxe7 39. B@f6+ 
Kf8 40. N@d7+ Ke8 41. R@e7+ Kd8 42. Rxf7+ B@e7 43. Bxe7+ Ke8 44. Rxh7 B@g7 
45. Rxg7 P@f7 46. Nxb8 Kxe7 47. Q@f6+ Ke8 48. R@d8# 
{Blechkiste checkmated} 1-0

[Event "fics rated crazyhouse match"]
[Site "fics, Oklahoma City, OK USA"]
[Date "2001.01.18"]
[White "Blechkiste"]
[WhiteElo "2410"]
[Black "liveZ"]
[BlackElo "2345"]
[TimeControl "180+0"]
[Result "0-1"]

1. e4 e6 2. d4 Nf6 3. e5 Ne4 4. Nh3 Nc6 5. g3 d5 6. f3 
Bb4+ 7. c3 Be7 8. fxe4 dxe4 9. Qg4 Rg8 10. Qxe4 P@f5 11. Qe2 Nxd4 
12. cxd4 Qxd4 13. N@b5 Qc5 14. N@b3 Qc6 15. Bg2 P@e4 16. N5d4 Qd5 17. Qh5 
Bd7 18. Qxh7 O-O-O 19. Bg5 Bxg5 20. Nxg5 Ba4 21. P@e7 Bxb3 22. exd8=Q+ Rxd8 
23. R@a8+ B@b8 24. axb3 Qxd4 25. P@d7+ Rxd7 26. Qg8+ N@d8 27. Bxe4 fxe4 28. Nxe6 
P@f2+ 29. Kf1 P@g2+ 30. Kxg2 B@f3+ 31. Kh3 P@g4+ 32. Kh4 N@g6+ 33. Kh5 Qxe5+ 
34. B@g5 Qxe6 35. Bxd8 Rxd8 36. Rxb8+ Kxb8 37. Qxd8+ B@c8 38. N@a6+ bxa6 39. B@g5 
Nf4+ 40. gxf4 R@h3+ 41. Bh4 Qg6# 
{Blechkiste checkmated} 0-1

[Event "fics rated crazyhouse match"]
[Site "fics, Oklahoma City, OK USA"]
[Date "2001.01.18"]
[White "liveZ"]
[WhiteElo "2354"]
[Black "Blechkiste"]
[BlackElo "2401"]
[TimeControl "180+0"]
[Result "0-1"]

1. e4 e6 2. d4 d6 3. Nf3 Nf6 4. Nc3 Nc6 5. Bg5 Be7 6. e5 
Ng4 7. Bxe7 Qxe7 8. Bb5 dxe5 9. dxe5 P@e3 10. B@g3 Qb4 11. O-O Qxb2 
12. Bxc6+ bxc6 13. Ne4 exf2+ 14. Bxf2 Nxe5 15. Bd4 Nxf3+ 16. Rxf3 Qxd4+ 17. Qxd4 
N@e2+ 18. Kh1 Nxd4 19. N@d6+ cxd6 20. Nxd6+ Kd7 21. Rxf7+ P@e7 22. Ne4 Q@e5 
23. N@c5+ Ke8 24. Rff1 P@f3 25. P@f7+ Kxf7 26. Q@e3 B@f4 27. Qxd4 Qxd4 28. Rxf3 
Qxa1+ 29. N@f1 R@g1+ 30. Kxg1 N@e2+ 31. Kf2 Q@e1# 
{liveZ checkmated} 0-1

[Event "fics rated crazyhouse match"]
[Site "fics, Oklahoma City, OK USA"]
[Date "2000.01.19"]
[White "valdushka"]
[WhiteElo "2196"]
[Black "Firefly"]
[BlackElo "2525"]
[TimeControl "120+0"]
[Result "0-1"]

1. e4 e6 2. d4 Nc6 3. Nc3 Nf6 4. Nf3 Bb4 5. Bd3 d5 6. Bg5 
dxe4 7. Bxf6 Qxf6 8. Bxe4 P@a3 9. Bxc6+ bxc6 10. P@d2 axb2 11. Rb1 B@c1 
12. N@e4 Qg6 13. N@h4 Qg4 14. h3 Qf4 15. O-O Bxc3 16. Nxc3 P@h2+ 17. Kh1 
B@h5 18. B@g3 Bxf3 19. Nxf3 Qf6 20. B@e5 Qg6 21. Bxh2 N@f5 22. Bxc7 O-O 
23. Bcg3 Ba6 24. P@e2 N@h5 25. P@g4 Nfxg3+ 26. Bxg3 Nxg3+ 27. fxg3 B@c4 28. N@f4 
Qf6 29. N@d7 Qe7 30. Nxf8 Rxf8 31. Ne4 B@d5 32. d3 Bxe4 33. dxe4 N@e3 
34. Qe1 Nxf1 35. Qxf1 N@e3 36. Qg1 R@f1 37. B@f2 Rxg1+ 38. Bxg1 Bxe2 39. Bxe3 
Bxe3 40. R@e1 Bxf3 41. gxf3 N@f2+ 42. Kg2 Bxf4 43. B@h2 Nxe4 44. fxe4 N@e3+ 
45. Rxe3 Bxe3 46. R@f3 R@e2+ 47. N@f2 Bxf2 48. Rxf2 Rxf2+ 49. Kxf2 R@e2+ 50. Kg1 
Q@f2# 
{valdushka resigns} 0-1

[Event "fics rated crazyhouse match"]
[Site "fics, Oklahoma City, OK USA"]
[Date "2000.01.19"]
[White "Firefly"]
[WhiteElo "2527"]
[Black "valdushka"]
[BlackElo "2194"]
[TimeControl "120+0"]
[Result "1-0"]

1. e4 Nf6 2. Nc3 d5 3. e5 Ne4 4. Nxe4 dxe4 5. d4 exd3 6. Bxd3 
e6 7. Nf3 Nc6 8. Bg5 Be7 9. Bxe7 Qxe7 10. P@h6 B@f8 11. B@h4 P@f6 
12. hxg7 Bxg7 13. N@h5 
{valdushka resigns} 1-0

[Event "fics rated crazyhouse match"]
[Site "fics, Oklahoma City, OK USA"]
[Date "2000.01.19"]
[White "valdushka"]
[WhiteElo "2192"]
[Black "Firefly"]
[BlackElo "2534"]
[TimeControl "120+0"]
[Result "0-1"]

1. e4 e6 2. d4 Nc6 3. Nc3 Bb4 4. Nf3 Nf6 5. Bd3 d5 6. Bg5 
dxe4 7. Bxf6 Qxf6 8. Bxe4 P@g4 9. Bxc6+ bxc6 10. Ne5 B@b5 11. P@e2 B@a5 
12. N@e4 Qf4 13. O-O Bxc3 14. Nxc3 Bxc3 15. bxc3 N@e4 16. B@g3 Qf6 17. Nxg4 
Qg6 18. N@e5 Qf5 19. B@f3 Nxc3 20. Qd2 N@e4 21. Bxe4 Nxe4 22. Qe3 B@d5 
23. P@d7+ Bxd7 24. Nxd7 Qxg4 25. B@f3 Qf5 26. Nc5 Nxc5 27. dxc5 Bxf3 28. exf3 
Bxf1 29. Rxf1 N@d5 30. Qe4 Qxe4 31. fxe4 P@f3 32. B@d7+ Kf8 33. B@h6 N@e2+ 
34. Kh1 fxg2+ 35. Kxg2 P@f3+ 36. Kxf3 Nd4# 
{valdushka resigns} 0-1

[Event "fics rated crazyhouse match"]
[Site "fics, Oklahoma City, OK USA"]
[Date "2000.01.19"]
[White "valdushka"]
[WhiteElo "2191"]
[Black "Tecumseh"]
[BlackElo "2275"]
[TimeControl "180+0"]
[Result "1-0"]

1. e4 Nc6 2. Nc3 Nf6 3. d4 d5 4. exd5 Nxd5 5. Nf3 Bg4 6. Be2 
e6 7. P@e4 Ndb4 8. d5 Bxf3 9. Bxf3 Nd4 10. B@a4+ P@b5 11. Nxb5 Nxf3+ 
12. Qxf3 Nxc2+ 13. Bxc2 B@c4 14. Nd4 exd5 15. P@e6 N@e5 16. exf7+ Nxf7 17. Qxf7+ 
Kxf7 18. P@e6+ Ke7 19. N@f5+ Kf6 20. N@g4+ Kg6 21. N@f4+ Kg5 22. h4+ Kxg4 
23. f3# 
{Tecumseh checkmated} 1-0

[Event "fics rated crazyhouse match"]
[Site "fics, Oklahoma City, OK USA"]
[Date "2000.01.19"]
[White "Tecumseh"]
[WhiteElo "2265"]
[Black "valdushka"]
[BlackElo "2201"]
[TimeControl "180+0"]
[Result "1-0"]

1. e4 Nf6 2. e5 Nd5 3. Nc3 Nxc3 4. dxc3 d6 5. Nf3 e6 6. Bc4 
Nc6 7. Bf4 N@g6 8. Bg5 f6 9. exf6 gxf6 10. P@f5 P@f7 11. fxg6 hxg6 
12. Bxf6 Qxf6 13. N@e4 Qe7 14. P@f6 Qd7 15. N@g7+ Kd8 16. Nxe6+ fxe6 17. P@g7 
Rg8 18. gxf8=Q+ Rxf8 19. B@g7 Re8 20. Nfg5 P@f7 21. Bxe6 Rxe6 22. Nxe6+ Qxe6 
23. P@e7+ Nxe7 24. fxe7+ Kxe7 25. Bf6+ Qxf6 26. Nxf6 Kxf6 27. Qf3+ B@f5 28. N@d5+ 
Kg7 29. Q@f6+ Kf8 30. R@h8+ B@g8 31. Qd8+ B@e8 32. Rxg8+ Kxg8 33. Qxe8+ N@f8 
34. Ne7+ Kg7 35. B@h6+ Kxh6 36. Qxf8+ B@g7 37. Nxf5+ Bxf5 38. B@f4+ P@g5 39. Bxg5+ 
Kxg5 40. P@f4+ Kf6 41. B@g5+ Ke6 42. Qe7# 
{valdushka checkmated} 1-0

[Event "fics rated crazyhouse match"]
[Site "fics, Oklahoma City, OK USA"]
[Date "2000.01.19"]
[White "valdushka"]
[WhiteElo "2194"]
[Black "Tecumseh"]
[BlackElo "2272"]
[TimeControl "180+0"]
[Result "1-0"]

1. e4 Nc6 2. d4 d5 3. exd5 Qxd5 4. Nf3 Bg4 5. Be2 Rd8 6. Nc3 
Bxf3 7. Bxf3 Qxd4 8. Bxc6+ bxc6 9. Be3 P@d2+ 10. Bxd2 B@a6 11. P@d3 Bxd3 
12. cxd3 Qxd3 13. B@c2 Qxd2+ 14. Qxd2 Rxd2 15. O-O P@f3 16. B@h3 P@g4 17. Bxg4 
Nf6 18. Bxf3 N@g5 19. Bxc6+ P@d7 20. N@e4 Nfxe4 21. Nxe4 N@h3+ 22. Kh1 Q@d8 
23. Q@e3 dxc6 24. N@f6# 
{Tecumseh resigns} 1-0

[Event "fics rated crazyhouse match"]
[Site "fics, Oklahoma City, OK USA"]
[Date "2000.01.19"]
[White "Tecumseh"]
[WhiteElo "2262"]
[Black "valdushka"]
[BlackElo "2204"]
[TimeControl "180+0"]
[Result "0-1"]

1. e4 d5 2. exd5 e6 3. dxe6 Bxe6 4. d4 Nc6 5. Nf3 P@g4 6. Ng5 
Nxd4 7. Nxe6 Nxe6 8. P@d7+ Qxd7 9. Qxd7+ Kxd7 10. P@d5 Nd4 11. B@b5+ P@c6 
12. dxc6+ bxc6 13. Bxc6+ Nxc6 14. P@d5 Q@e4+ 15. Be3 Qxd5 16. Nc3 B@a5 17. Rd1 
P@d4 18. P@b5 Bxc3+ 19. bxc3 Ne5 20. B@c6+ Nxc6 21. bxc6+ Kd8 22. N@b7+ Ke8 
23. Bxd4 B@e6 24. P@d7+ Bxd7 25. cxd7+ Qxd7 26. Be2 P@d6 27. Na5 N@d8 28. B@d5 
P@c6 29. Nxc6 Nxc6 30. Bxg4 P@e6 31. Bxc6 Qxc6 32. Bxe6 fxe6 33. P@f7+ Kd8 
34. N@b4 Qe4+ 35. Q@e3 Qxg2 36. Nc6+ Kd7 37. Ne5+ dxe5 38. Bxe5+ P@d6 39. Rxd6+ 
cxd6 40. Kd2 Qxh1 41. P@c6+ Kxc6 42. P@b5+ Kc7 43. Bxd6+ Bxd6 44. b6+ axb6 
45. Qxb6+ Kxb6 46. P@c5+ Bxc5 47. P@a5+ Rxa5 48. P@e2 Q@c1+ 49. Kd3 B@c4+ 50. Kxc4 
N@d6+ 51. Kb3 R@e4 52. B@c7+ Kxc7 53. P@a6 Rxa6 
{Tecumseh forfeits on time} 0-1

[Event "fics rated crazyhouse match"]
[Site "fics, Oklahoma City, OK USA"]
[Date "2000.01.19"]
[White "jtp"]
[WhiteElo "2296"]
[Black "Tecumseh"]
[BlackElo "2253"]
[TimeControl "180+0"]
[Result "1-0"]

1. e4 Nc6 2. Nf3 Nf6 3. e5 Ng4 4. d4 d6 5. exd6 exd6 6. Bb5 
Bd7 7. Qe2+ Be7 8. h3 Nxf2 9. Kxf2 O-O 10. c3 Bh4+ 11. P@g3 Bxg3+ 
12. Kxg3 Nxd4 13. cxd4 Bxb5 14. Qxb5 B@c6 15. Qe2 Bxf3 16. Qxf3 P@h4+ 17. Kf2 
P@g3+ 18. Ke2 Re8+ 19. B@e3 Rxe3+ 20. Bxe3 B@c4+ 21. Kd2 N@e5 22. dxe5 dxe5+ 
23. Kc1 P@c2 24. Nc3 P@d4 25. B@f6 Qxf6 26. Qxf6 
{Tecumseh resigns} 1-0

[Event "fics rated crazyhouse match"]
[Site "fics, Oklahoma City, OK USA"]
[Date "2000.01.19"]
[White "Ebenfelt"]
[WhiteElo "2375"]
[Black "RMG"]
[BlackElo "2337"]
[TimeControl "180+0"]
[Result "0-1"]

1. e4 e6 2. d4 Ne7 3. Nc3 d5 4. e5 Nf5 5. Nf3 Bb4 6. Be2 
Nc6 7. O-O a5 8. Bg5 Qd7 9. h3 a4 10. a3 Bf8 11. Nh4 h6 
12. Be3 Nxh4 13. Bg4 Nf5 14. Bxf5 exf5 15. N@f4 B@g5 16. Nfxd5 Bxe3 17. fxe3 
B@e6 18. Nf4 Be7 19. d5 Nxe5 20. dxe6 fxe6 21. B@d4 P@g3 22. Bxe5 Qxd1 
23. P@f7+ Kxf7 24. B@g6+ Kf8 25. N@g4 P@f2+ 26. Kh1 Q@g1+ 27. Rxg1 fxg1=Q# 
{Ebenfelt checkmated} 0-1

[Event "fics rated crazyhouse match"]
[Site "fics, Oklahoma City, OK USA"]
[Date "2000.01.19"]
[White "Leech"]
[WhiteElo "2284"]
[Black "Ephemera"]
[BlackElo "2170"]
[TimeControl "180+0"]
[Result "1-0"]

1. e4 e5 2. Bc4 Bc5 3. Bxf7+ Kxf7 4. Nf3 Nc6 5. P@d5 Bxf2+ 6. Kxf2 
B@d4+ 7. B@e3 P@g4 8. Bxd4 exd4 9. dxc6 gxf3 10. Qxf3+ Nf6 11. B@d5+ B@e6 
12. cxb7 Bxd5 13. exd5 Bxb7 14. P@e6+ Kf8 15. exd7 Qxd7 16. B@e6 Qxe6 17. dxe6 
N@g4+ 18. Kf1 B@c4+ 19. d3 Bxe6 20. Qxb7 Re8 21. Qxc7 P@e2+ 22. Kxe2 Bd5+ 
23. P@e4 Bxe4 24. B@c5+ B@e7 25. dxe4 Bxc5 26. Qxc5+ B@e7 27. N@e6+ Kg8 28. P@f7+ 
Kxf7 29. Ng5+ Kg6 30. B@f7+ Kh6 31. Ne6+ P@e3 32. P@g5# 
{Ephemera checkmated} 1-0

[Event "fics rated crazyhouse match"]
[Site "fics, Oklahoma City, OK USA"]
[Date "2000.01.19"]
[White "Ephemera"]
[WhiteElo "2165"]
[Black "Leech"]
[BlackElo "2289"]
[TimeControl "180+0"]
[Result "1-0"]

1. e3 e6 2. d4 Nf6 3. Nf3 d5 4. Nc3 Nc6 5. Bd3 Bb4 6. O-O 
O-O 7. Ne5 Bxc3 8. bxc3 Ne4 9. Bxe4 dxe4 10. Nxc6 bxc6 11. N@e5 Bd7 
12. B@b7 N@a5 13. Bxa8 Qxa8 14. Nxd7 B@b5 15. Qg4 B@g6 16. Nxf8 Qxf8 17. N@d7 
f5 18. Nxf8 fxg4 19. Nxg6 hxg6 20. R@e8+ N@f8 21. Rxf8+ Kxf8 22. Ba3+ R@d6 
23. R@h8+ N@g8 24. Q@d8+ Q@e8 25. Bxd6+ cxd6 26. Rxg8+ Kxg8 27. Qxe8+ R@f8 28. B@f7+ 
Kh7 29. N@g5+ Kh6 30. Q@h4# 
{Leech forfeits on time} 1-0

[Event "fics rated crazyhouse match"]
[Site "fics, Oklahoma City, OK USA"]
[Date "2000.01.19"]
[White "Leech"]
[WhiteElo "2278"]
[Black "Ephemera"]
[BlackElo "2176"]
[TimeControl "180+0"]
[Result "1-0"]

1. e4 e5 2. Bc4 Bc5 3. Bxf7+ Kxf7 4. Nf3 d6 5. d4 Bxd4 6. Nxd4 
exd4 7. Qxd4 Nc6 8. Qc4+ Kf8 9. P@f7 Nf6 10. P@h6 gxh6 11. Bxh6+ P@g7 
12. Bxg7+ Kxg7 13. P@g5 B@e6 14. gxf6+ Kxf7 15. P@d5 Qxf6 16. dxe6+ Bxe6 17. B@d5 
P@d7 18. B@f5 N@e5 19. Bdxe6+ dxe6 20. Qxe6+ Qxe6 21. Bxe6+ Kxe6 22. P@d5+ Ke7 
23. Q@e6+ Kd8 24. dxc6 B@e7 25. cxb7 Rb8 26. N@f7+ Nxf7 27. N@c6+ Ke8 28. Qxe7# 
{Ephemera checkmated} 1-0

[Event "fics rated crazyhouse match"]
[Site "fics, Oklahoma City, OK USA"]
[Date "2000.01.19"]
[White "Ephemera"]
[WhiteElo "2170"]
[Black "Leech"]
[BlackElo "2284"]
[TimeControl "180+0"]
[Result "1-0"]

1. e4 e6 2. d4 Nf6 3. Nc3 d5 4. e5 Ne4 5. Nxe4 dxe4 6. Nh3 
Nc6 7. Be3 Bb4+ 8. c3 Be7 9. Be2 O-O 10. O-O N@h4 11. f3 exf3 
12. Bxf3 f6 13. Bxc6 bxc6 14. Qh5 P@g5 15. Nxg5 fxg5 16. Rxf8+ Qxf8 17. Rf1 
B@f4 18. Bxf4 gxf4 19. P@f7+ Qxf7 20. Qxf7+ Kxf7 21. Rxf4+ P@f5 22. B@h5+ R@g6 
23. N@h8+ Ke8 24. R@f8+ Bxf8 25. Q@f7+ Kd8 26. Qxf8+ R@e8 27. P@e7+ Kd7 28. N@c5# 
{Leech checkmated} 1-0

[Event "fics rated crazyhouse match"]
[Site "fics, Oklahoma City, OK USA"]
[Date "2000.01.19"]
[White "Leech"]
[WhiteElo "2273"]
[Black "Ephemera"]
[BlackElo "2181"]
[TimeControl "180+0"]
[Result "0-1"]

1. e4 e5 2. Bc4 Bc5 3. Bxf7+ Kxf7 4. Nf3 d6 5. d4 Bxd4 6. Nxd4 
exd4 7. Qxd4 Nc6 8. Qc4+ P@e6 9. P@f5 Ne5 10. Qb3 B@c4 11. Qh3 N@d4 
12. B@h5+ Kf8 13. Qc3 Nb5 14. Qh3 exf5 15. exf5 Nd4 16. Na3 Bxf5 17. P@g4 
Bxc2 18. Be3 P@b4 19. Bxd4 bxa3 20. Bxe5 dxe5 21. P@d3 B2xd3 22. Kd2 axb2 
{Leech forfeits on time} 0-1

[Event "fics rated crazyhouse match"]
[Site "fics, Oklahoma City, OK USA"]
[Date "2000.01.19"]
[White "Ephemera"]
[WhiteElo "2191"]
[Black "Leech"]
[BlackElo "2263"]
[TimeControl "180+0"]
[Result "0-1"]

1. e4 e6 2. d4 Nf6 3. Nc3 d5 4. e5 Ne4 5. Bd3 Bb4 6. Bxe4 
dxe4 7. Be3 Nc6 8. N@h5 Rg8 9. Nh3 Qh4 10. Ng3 B@g4 11. Qd2 Bxh3 
12. O-O-O Bxg2 13. d5 exd5 14. Qxd5 Bxh1 15. P@d7+ Kf8 16. Rxh1 Bxc3 17. B@c5+ 
P@e7 18. bxc3 P@d6 19. dxc8=Q+ Rxc8 20. B@d7 Rd8 21. Bxc6 bxc6 22. Qd2 N@c4 
23. Qd4 R@a1+ 24. B@b1 P@b2+ 25. Kd1 B@g4+ 26. Ke1 Rxb1# 
{Ephemera forfeits on time} 0-1

[Event "fics rated crazyhouse match"]
[Site "fics, Oklahoma City, OK USA"]
[Date "2000.01.19"]
[White "Leech"]
[WhiteElo "2269"]
[Black "Ephemera"]
[BlackElo "2185"]
[TimeControl "180+0"]
[Result "0-1"]

1. e4 e5 2. Bc4 Bc5 3. Bxf7+ Kxf7 4. Nf3 d6 5. d4 Bxd4 6. Nxd4 
exd4 7. Qxd4 Nc6 8. B@d5+ P@e6 9. Bxc6 bxc6 10. P@d5 B@f6 11. Qe3 exd5 
12. exd5 cxd5 13. P@b7 Bxb7 14. P@e6+ Kf8 15. N@f7 Qe7 16. Nxh8 B@e8 17. R@f7+ 
Bxf7 18. exf7 R@e2+ 19. Kd1 Rxe3 20. Bxe3 P@e2+ 21. Kc1 Nh6 22. B@d4 Bxd4 
23. R@e8+ Rxe8 24. fxe8=Q+ Qxe8 25. Re1 R@f1 26. Bxd4 Q@d1+ 27. Rxd1 exd1=Q# 
{Leech checkmated} 0-1

[Event "fics rated crazyhouse match"]
[Site "fics, Oklahoma City, OK USA"]
[Date "2000.01.19"]
[White "Ephemera"]
[WhiteElo "2195"]
[Black "Leech"]
[BlackElo "2259"]
[TimeControl "180+0"]
[Result "0-1"]

1. e4 Nf6 2. Nc3 d5 3. exd5 Nxd5 4. Nf3 Nc6 5. Bb5 Bg4 6. d4 
Nxc3 7. bxc3 P@e4 8. N@e5 exf3 9. Nxc6 bxc6 10. Bxc6+ N@d7 11. Bxf3 Bxf3 
12. Qxf3 N@e5 13. dxe5 Nxe5 14. B@b5+ P@c6 15. Bxc6+ Nxc6 16. Qxc6+ B@d7 17. Qe4 
N@f6 18. Qe2 e6 19. N@e5 B@c6 20. P@f3 Nd5 21. P@b2 Bd6 22. Nxd7 Qxd7 
23. B@e3 N@h4 24. O-O Nxe3 25. Bxe3 Bxf3 26. gxf3 B@g2 27. Rfe1 Bxf3 28. Qf1 
Bg2 29. Qd3 Bxh2+ 30. Kxh2 
{Ephemera forfeits on time} 0-1

[Event "fics rated crazyhouse match"]
[Site "fics, Oklahoma City, OK USA"]
[Date "2000.01.19"]
[White "Leech"]
[WhiteElo "2252"]
[Black "Marat"]
[BlackElo "2196"]
[TimeControl "180+0"]
[Result "1-0"]

1. e4 Nf6 2. e5 Ne4 3. Qf3 d5 4. d3 Nc5 5. Nc3 d4 6. Ne4 
Nxe4 7. dxe4 Nc6 8. Bb5 d3 9. Qxf7+ Kxf7 10. N@g5+ Kg6 11. P@f5+ Bxf5 
12. exf5+ Kxf5 13. Bxc6 bxc6 14. B@e6+ Kxe5 15. N1f3+ Kf6 16. N@e4+ Kg6 17. Ne5+ 
Kh5 18. Bg4+ Kh6 19. Ngf7# 
{Marat checkmated} 1-0

[Event "fics rated crazyhouse match"]
[Site "fics, Oklahoma City, OK USA"]
[Date "2000.01.19"]
[White "BLUNDERMONSTER"]
[WhiteElo "2294"]
[Black "Leech"]
[BlackElo "2271"]
[TimeControl "180+0"]
[Result "1-0"]

1. e4 e6 2. d4 d5 3. exd5 exd5 4. Nf3 Nc6 5. Bb5 Bg4 6. h3 
Bxf3 7. Qxf3 Nf6 8. Nc3 Bb4 9. Bxc6+ bxc6 10. N@f5 B@f8 11. O-O Bxc3 
12. Qxc3 Qd7 13. P@e5 Ne4 14. Qf3 N@g5 15. Bxg5 Nxg5 16. Qg4 P@h6 17. Nxg7+ 
Bxg7 18. Qxd7+ Kxd7 19. B@g4+ B@e6 20. N@c5+ Ke8 21. P@d7+ Kf8 22. B@f6 Bxg4 
23. Bxg7+ Kg8 24. Q@e8+ B@f8 25. B@g3 Nxh3+ 26. Kh1 P@f3 27. Rg1 fxg2+ 28. Rxg2 
{Leech forfeits on time} 1-0

[Event "fics rated crazyhouse match"]
[Site "fics, Oklahoma City, OK USA"]
[Date "2000.01.19"]
[White "BLUNDERMONSTER"]
[WhiteElo "2293"]
[Black "Leech"]
[BlackElo "2273"]
[TimeControl "180+0"]
[Result "1-0"]

1. e4 e6 2. d4 d5 3. exd5 exd5 4. Nf3 Nf6 5. Bb5+ Bd7 6. Qe2+ 
Be7 7. Bxd7+ Nbxd7 8. Nc3 B@a5 9. P@g5 Ne4 10. Bd2 Bxc3 11. bxc3 Nxd2 
12. Nxd2 N@f4 13. Qf3 Bxg5 14. B@e3 P@e4 15. Nxe4 dxe4 16. Qxe4+ Ne6 17. N@f5 
B@f8 18. d5 Nf6 19. dxe6 Nxe4 20. P@d7+ Qxd7 21. exd7+ Kxd7 22. Q@d5+ N@d6 
23. N@e5+ Kd8 24. Nxf7+ Kc8 25. P@d7+ Kb8 26. Nxg5 Q@d8 27. Nxe4 Nxe4 28. Qxe4 
Qxd7 29. N@e5 Qb5 30. N@d7+ Kc8 31. Nxf8 P@b2 32. Rd1 P@d6 33. B@d7# 
{Leech forfeits on time} 1-0

[Event "fics rated crazyhouse match"]
[Site "fics, Oklahoma City, OK USA"]
[Date "2001.01.19"]
[White "Blechkiste"]
[WhiteElo "2478"]
[Black "spurs"]
[BlackElo "2258"]
[TimeControl "60+0"]
[Result "0-1"]

1. e4 e6 2. d4 d5 3. exd5 exd5 4. Bb5+ Bd7 5. Qe2+ Qe7 6. Bxd7+ 
Nxd7 7. Bf4 Qxe2+ 8. Nxe2 Bb4+ 9. Nbc3 Ngf6 10. Bxc7 Bxc3+ 11. Nxc3 P@d2+ 
12. Kxd2 N@e4+ 13. Kc1 B@d2+ 14. Kd1 Bxc3 15. B@e3 Bxb2 16. Ke1 Bxa1 17. Ba5 
R@b1+ 18. B@d1 Rxd1+ 19. Kxd1 N@c3+ 20. Bxc3 Nxc3+ 21. Kc1 P@b2+ 22. Kd2 Nfe4+ 
23. Kd3 B@c4# 
{Blechkiste checkmated} 0-1

[Event "fics rated crazyhouse match"]
[Site "fics, Oklahoma City, OK USA"]
[Date "2001.01.19"]
[White "spurs"]
[WhiteElo "2270"]
[Black "Blechkiste"]
[BlackElo "2466"]
[TimeControl "60+0"]
[Result "0-1"]

1. d4 e6 2. Nf3 Nf6 3. Bg5 Bb4+ 4. Nc3 h6 5. Bxf6 Qxf6 6. e3 
Bxc3+ 7. bxc3 B@b2 8. B@b4 Bxa1 9. Qxa1 Nc6 10. B@e5 Qg6 11. N@b5 Qxc2 
12. Nxc7+ Kd8 13. Nxa8 R@c1+ 14. Qxc1 Qxc1+ 15. R@d1 N@c2+ 16. Ke2 P@d3+ 17. Rxd3 
N2xb4 18. Bc7+ Ke8 19. cxb4 Q@c2+ 20. R@d2 Q1d1# 
{spurs checkmated} 0-1

[Event "fics rated crazyhouse match"]
[Site "fics, Oklahoma City, OK USA"]
[Date "2001.01.19"]
[White "Blechkiste"]
[WhiteElo "2470"]
[Black "spurs"]
[BlackElo "2266"]
[TimeControl "60+0"]
[Result "1-0"]

1. e4 e6 2. d4 d5 3. exd5 exd5 4. Bb5+ Bd7 5. Qe2+ Qe7 6. Bxd7+ 
Nxd7 7. Bf4 Qxe2+ 8. Nxe2 Bb4+ 9. Nbc3 Ngf6 10. Bxc7 Bxc3+ 11. Nxc3 P@d2+ 
12. Kf1 Q@c1+ 13. Rxc1 dxc1=Q+ 14. B@d1 N@d2+ 15. Ke1 Nc4 16. Q@e2+ B@e4 17. P@e7 
R@d2 18. Q@d8+ Rxd8 19. exd8=Q# 
{spurs checkmated} 1-0

[Event "fics rated crazyhouse match"]
[Site "fics, Oklahoma City, OK USA"]
[Date "2001.01.19"]
[White "spurs"]
[WhiteElo "2262"]
[Black "Blechkiste"]
[BlackElo "2474"]
[TimeControl "60+0"]
[Result "0-1"]

1. d4 e6 2. Nf3 Nf6 3. Nc3 Bb4 4. Bg5 h6 5. Bxf6 Qxf6 6. e3 
Nc6 7. N@b5 Ba5 8. Bd3 a6 9. Na3 Bxc3+ 10. bxc3 B@b2 11. Nc4 Bxc3+ 
12. Kf1 P@h3 13. Rg1 hxg2+ 14. Rxg2 Bxa1 15. P@e5 R@h1+ 16. B@g1 N@c3 17. Qxa1 
Qxf3 18. B@e2 Qxg2+ 19. Kxg2 R@g5+ 20. Kh3 Nxe2 21. Bxe2 B@g2+ 22. Kh4 N@f5# 
{spurs checkmated} 0-1

[Event "fics rated crazyhouse match"]
[Site "fics, Oklahoma City, OK USA"]
[Date "2001.01.19"]
[White "Blechkiste"]
[WhiteElo "2478"]
[Black "spurs"]
[BlackElo "2258"]
[TimeControl "60+0"]
[Result "1-0"]

1. e4 e6 2. d4 d5 3. exd5 exd5 4. Bb5+ Bd7 5. Qe2+ Qe7 6. Bxd7+ 
Nxd7 7. Bf4 Qxe2+ 8. Nxe2 Bb4+ 9. Nbc3 Ngf6 10. Bxc7 Bxc3+ 11. Nxc3 P@d2+ 
12. Kd1 N@e4 13. Nxe4 Nxe4 14. B@e3 B@b4 15. P@c3 Bxc3 16. bxc3 N@b2+ 17. Ke2 
Nxc3+ 18. Kxd2 Q@e2+ 19. Kxc3 Na4+ 20. Kb4 Qc4+ 21. Ka3 P@b4+ 22. Kxa4 Nb6+ 
23. Ka5 Qa6+ 24. Kxb4 Qc4+ 25. Ka3 P@b4+ 26. Kb2 Na4+ 27. Kc1 Qxc7 28. Q@b5+ 
B@c6 29. Qxb4 Rc8 30. N@d6+ Qxd6 31. Qxd6 N@g6 32. N@c7+ Rxc7 33. Q@d8# 
{spurs checkmated} 1-0

[Event "fics rated crazyhouse match"]
[Site "fics, Oklahoma City, OK USA"]
[Date "2001.01.19"]
[White "venomous"]
[WhiteElo "2453"]
[Black "LINDEGREN"]
[BlackElo "2286"]
[TimeControl "60+0"]
[Result "1-0"]

1. e4 Nf6 2. Nc3 Nc6 3. Nf3 d5 4. exd5 Nxd5 5. Bc4 e6 6. d4 
Bb4 7. Bd2 Qe7 8. O-O Bxc3 9. bxc3 Nb6 10. Bb5 Bd7 11. Re1 O-O 
12. c4 f5 13. d5 Nd8 14. Bxd7 Qxd7 15. dxe6 Nxe6 16. Ne5 P@f7 17. Nxd7 
Nxd7 18. Bc3 P@d4 19. Rxe6 dxc3 20. N@e7+ Kh8 21. P@h6 gxh6 22. B@d4+ f6 
23. P@g7+ Kxg7 24. Nxf5+ Kf7 25. Re7+ Kg6 26. Qg4# 
{LINDEGREN resigns} 1-0

[Event "fics rated crazyhouse match"]
[Site "fics, Oklahoma City, OK USA"]
[Date "2001.01.19"]
[White "LINDEGREN"]
[WhiteElo "2282"]
[Black "venomous"]
[BlackElo "2457"]
[TimeControl "60+0"]
[Result "0-1"]

1. e4 Nf6 2. e5 Nd5 3. d4 e6 4. Nf3 Nc6 5. Bd3 d6 6. exd6 
cxd6 7. c3 Be7 8. O-O O-O 9. P@h6 gxh6 10. Bxh6 f5 11. P@e5 P@e4 
12. exd6 Bxd6 13. Be2 exf3 14. Bxf3 P@g4 15. Bxd5 exd5 16. P@e5 Nxe5 17. dxe5 
Bxe5 18. Bxf8 Kxf8 19. Qxd5 Qxd5 20. N@e3 N@h3# 
{LINDEGREN resigns} 0-1

[Event "fics rated crazyhouse match"]
[Site "fics, Oklahoma City, OK USA"]
[Date "2001.01.19"]
[White "venomous"]
[WhiteElo "2461"]
[Black "LINDEGREN"]
[BlackElo "2278"]
[TimeControl "60+0"]
[Result "1-0"]

1. e4 Nf6 2. Nc3 Nc6 3. Nf3 d5 4. exd5 Nxd5 5. Bc4 e6 6. d4 
Bb4 7. Bd2 P@a3 8. Bxd5 exd5 9. bxa3 Bxc3 10. Bxc3 Qe7+ 11. P@e5 N@e4 
12. P@d2 Nxc3 13. dxc3 B@b2 14. O-O Bxc3 15. B@h4 f6 16. N@h5 P@g5 17. Bxg5 
fxg5 18. P@f6 gxf6 19. exf6 Qd7 20. Nxg5 P@f7 21. Ng7+ Kd8 22. P@e7+ Qxe7 
23. fxe7+ Kxe7 24. N@f5+ Kf6 25. P@e5+ Kxg5 26. Q@g4# 
{LINDEGREN checkmated} 1-0

[Event "fics rated crazyhouse match"]
[Site "fics, Oklahoma City, OK USA"]
[Date "2001.01.19"]
[White "LINDEGREN"]
[WhiteElo "2274"]
[Black "venomous"]
[BlackElo "2465"]
[TimeControl "60+0"]
[Result "1-0"]

1. e4 Nf6 2. e5 Nd5 3. d4 e6 4. Nf3 Nc6 5. Bb5 d6 6. O-O 
Bd7 7. c4 Nb6 8. Nc3 dxe5 9. dxe5 P@d6 10. exd6 cxd6 11. P@d5 exd5 
12. Nxd5 P@c7 13. Re1+ P@e6 14. Nxb6 axb6 15. P@d5 Ne5 16. Nxe5 dxe5 17. dxe6 
fxe6 18. Bxd7+ Qxd7 19. Qxd7+ Kxd7 20. B@h3 P@f5 21. P@d5 B@f7 22. dxe6+ Bxe6 
23. P@d5 P@f7 24. dxe6+ fxe6 25. P@d5 P@f7 26. Bxf5 exf5 27. P@e6+ Kc8 28. Q@e8+ 
B@d8 29. B@d7+ Kb8 30. Qxd8+ Ka7 31. N@b5+ Ka6 32. Qxa8# 
{venomous resigns} 1-0